 Dungeon Crawl Stone Soup version 0.30-a0-757-ga6a79fd877 (webtiles) character file.

Game seed: 4542514128024281543

30 PyroL the Sneak (level 3, -2/16 HPs)
             Began as a Spriggan Enchanter on Feb 9, 2023.
             Slain by a gnoll
             ... wielding a +0 flail
              (13 damage)
             ... on level 1 of the Dungeon.
             The game lasted 00:02:43 (445 turns).

PyroL the Sneak (Spriggan Enchanter)                 Turns: 445, Time: 00:02:43

Health: -2/16      AC:  2    Str:  4    XL:     3   Next: 3%
Magic:  5/8        EV: 17    Int: 16    God:
Gold:   19         SH:  0    Dex: 17    Spells: 5/8 levels left

rFire   . . .      SeeInvis +    a - +1 dagger
rCold   . . .      Faith    .    (no shield)
rNeg    . . .      Spirit   .    b - +0 robe
rPois   .          Reflect  .    (helmet restricted)
rElec   .          Harm     .    (no cloak)
rCorr   .          Rampage  .    (gloves unavailable)
Will    .....                    (boots unavailable)
Stlth   +++                      (no amulet)
HPRegen 0.22/turn                (no ring)
MPRegen 0.11/turn                (no ring)

@: confusing by touch, very quick
A: very small, no large weapons, unfitting armour, see invisible, speed 3
a: no special abilities


You were on level 1 of the Dungeon.
You visited 1 branch of the dungeon, and saw 1 of its levels.

You collected 19 gold pieces.

Inventory:

Hand Weapons
 a - a +1 dagger (weapon)
Armour
 b - a +0 robe (worn)
Scrolls
 e - a scroll of teleportation {unknown}
 f - a scroll of identify {unknown}
 g - a scroll of fear {unknown}
Potions
 c - 2 potions of invisibility
 d - a potion of curing {unknown}


   Skills:
 + Level 1.8 Short Blades
 - Level 2.6 Dodging
 + Level 5.0 Stealth
 + Level 3.2 Spellcasting
 + Level 4.0 Hexes


You had 5 spell levels left.
You knew the following spells:

 Your Spells              Type           Power      Damage    Failure   Level
a - Confusing Touch       Hex            15%        N/A       11%         3

Your spell library contained the following spells:

 Spells                   Type           Power      Damage    Failure   Level
 Tukima's Dance           Hex            15%        N/A       11%         3
 Ensorcelled Hibernation  Hex/Ice        18%        N/A       12%         2
 Dazzling Flash           Conj/Hex       18%        N/A       24%         3


Dungeon Overview and Level Annotations

Branches:
Dungeon (1/15)

Altars:


Innate Abilities, Weirdness & Mutations

You are very small and have problems with some larger weapons.
You are too small for most types of armour.
You have supernaturally acute eyesight. (SInv)
You cover ground extremely quickly. (Speed+++)


Message History

This spell is extremely dangerous to cast!
Memorise Confusing Touch, consuming 3 spell levels and leaving 5?
You start memorising the spell.
You continue memorising. x3
You finish memorising.
Spell assigned to 'a'.
You start resting.
A gnoll is nearby!
You start resting.
A gnoll is nearby!
Items here: ))) รทรทรท.
You start resting.
A gnoll is nearby!
Casting: Confusing Touch (extremely dangerous; 11% risk of failure)
Confirm with . or Enter, or press ? or * to list all spells.
The spell is extremely dangerous to miscast (11% risk of failure)!
Continue anyway?
Your hands begin to glow red.
You barely miss the gnoll.
The gnoll is heavily wounded.
The gnoll misses you.
You closely miss the gnoll.
The gnoll is heavily wounded.
The gnoll misses you.
You barely miss the gnoll.
The gnoll is heavily wounded.
The gnoll barely misses you.
You hit the gnoll but do no damage.
The gnoll is heavily wounded.
The gnoll misses you.
You closely miss the gnoll.
The gnoll is heavily wounded.
You hit the gnoll but do no damage.
The gnoll is heavily wounded.
The gnoll closely misses you.
You barely miss the gnoll.
The gnoll is heavily wounded.
The gnoll completely misses you.
You barely miss the gnoll.
The gnoll is heavily wounded.
The gnoll hits you with a +0 flail!
Ouch! That really hurt!
You die...

###....#...#.
######.....#.
#....##....#.
#....##......
#..........##
#####.......g....
##.).).g...#....##
#.g#.#.....###....
#@##.#####..##..##
#..##..##....##...#
###..##....#....#..
#.>##....##....##
..##.........##.##
##. #.#....#####.##
# ####.#.# #..#
.....# ##.#
.......# ..


You could see a gnoll.

Vanquished Creatures
  A dart slug (D:1)
  3 ball pythons (D:1)
  4 endoplasms (D:1)
  2 giant cockroaches (D:1)
  3 goblins (D:1)
  4 hobgoblins (D:1)
  2 kobolds (D:1)
  A quokka (D:1)
  3 frilled lizards (D:1)
23 creatures vanquished.

Vanquished Creatures (others)
  4 plants (D:1)
4 creatures vanquished.

Grand Total: 27 creatures vanquished

Notes
Turn   | Place    | Note
-------+----------+-------------------------------------------
     0 | D:1      | PyroL the Spriggan Enchanter began the quest for the Orb.
     0 | D:1      | Reached XP level 1. HP: 9/9 MP: 5/5
    88 | D:1      | Reached XP level 2. HP: 9/13 MP: 6/6
   249 | D:1      | Reached skill level 5 in Stealth
   354 | D:1      | Reached XP level 3. HP: 16/16 MP: 8/8
   416 | D:1      | Learned a level 3 spell: Confusing Touch
   445 | D:1      | Slain by a gnoll

Illustrated notes

Levels and vault maps discovered:
D:1:      wheals_arrival_shading, layout_rooms, st_stairs_7,
          nicolae_grassy_gnolls

Skill      XL: |  1  2 |
---------------+-------+-----
Spellcasting   | 3 |  3.2
Hexes          | 4 |  4.0
Stealth        | 5 |  5.0
Short Blades   | |  1.8
Dodging        | |  2.6

Action                     || total
---------------------------++-------
  Melee: Dagger            ||   102
   Cast: Confusing Touch   ||     1
   Stab: Sleeping          ||     4
         Distracted        ||     2
 Armour: Robe              ||     6
  Dodge: Dodged            ||    76

Table legend: (Time is in decaauts)
 A = Elapsed time spent in this place.
 B = Non-inter-level travel time spent in this place.
 C = Inter-level travel time spent in this place.
 D = Time resting spent in this place.
 E = Time spent auto-exploring this place.
 F = Levels seen in this place.
 G = Mean time per level.
                   A        B        C        D        E       F      G
               +--------+--------+--------+--------+--------+-----+--------+
         Total |    335 |    335 |      0 |     31 |     91 |   1 |  335.0 |
       Dungeon |    335 |    335 |      0 |     31 |     91 |   1 |  335.0 |
               +--------+--------+--------+--------+--------+-----+--------+

Top non-repeatable levels by time:
     D:1: 335 daAuts
